 Dungeon Crawl Stone Soup version 0.21.1-1-g345015f (webtiles) character file.

48 shakethe the Chopper (level 3, -2/31 HPs)
             Began as a Hill Orc Gladiator on Feb 26, 2018.
             Slain by a gnoll
             ... wielding a +0 whip
              (7 damage)
             ... on level 2 of the Dungeon.
             The game lasted 00:01:15 (1180 turns).

shakethe the Chopper (Hill Orc Gladiator)           Turns: 1180, Time: 00:01:17

Health: -2/31      AC:  6    Str: 16    XL:     3   Next: 72%
Magic:  3/3        EV: 11    Int:  9    God:
Gold:   82         SH:  0    Dex: 12    Spells: 2/2 levels left

rFire    . . .     SeeInvis .   a - +0 war axe
rCold    . . .     Gourm    .   (no shield)
rNeg     . . .     Faith    .   k - +0 ring mail (curse)
rPois    .         Spirit   .   c - +0 helmet
rElec    .         Reflect  .   (no cloak)
rCorr    .         Harm     .   (no gloves)
MR       .....                  (no boots)
Stlth    +.........             (no amulet)
HPRegen  0.10/turn              (no ring)
MPRegen  0.08/turn              (no ring)

@: no status effects
A: no striking features
a: no special abilities


You were on level 2 of the Dungeon.
You were hungry.

You visited 1 branch of the dungeon, and saw 2 of its levels.

You collected 82 gold pieces.

Inventory:

Hand Weapons
 a - a +0 war axe (weapon)
Missiles
 d - 3 throwing nets {=f, !d}
Armour
 b - a +0 leather armour
 c - a +0 helmet (worn)
 k - a cursed +0 ring mail (worn)
   (You found it on level 1 of the Dungeon)
Scrolls
 e - a scroll of identify {unknown}
 h - a scroll of remove curse {unknown}
 i - 2 scrolls of immolation {unknown}
 j - a scroll of enchant armour {unknown}
 l - a scroll of teleportation {unknown}
 p - a scroll of enchant weapon {unknown}
Potions
 g - a potion of degeneration {unknown}
 m - a potion of flight {unknown}
 n - a potion of invisibility {unknown}
 o - a potion of mutation {unknown}
Comestibles
 f - 5 rations


   Skills:
 + Level 3.3 Fighting
 * Level 5.5 Axes
 - Level 1.7 Throwing
 - Level 2.4 Dodging


You had 2 spell levels left.
You didn't know any spells.

Dungeon Overview and Level Annotations

Branches:
Dungeon (2/15)

Altars:
Nemelex Xobeh


Message History

The adder poisons you!
You take 1 damage, and have 21/31 hp.
You miss the adder.
You feel sick. The adder barely misses you.
You take 1 damage, and have 20/31 hp.
You closely miss the adder. The adder bites you but does no damage.
The adder misses you.
You barely miss the adder.
You feel sick. The adder bites you. The adder bites you but does no damage.
You take 2 damage, and have 18/31 hp.
You closely miss the adder.
You feel sick. The adder closely misses you.
You take 1 damage, and have 17/31 hp.
You miss the adder. The adder bites you. The adder barely misses you.
You take 3 damage, and have 14/31 hp.
You slash the adder!
You kill the adder!
You feel sick.
You take 1 damage, and have 13/31 hp.
f - 5 rations (gained 1)
You see here an adder corpse.
You feel sick.
You start resting.
You feel sick. x4
You are no longer poisoned.
You take 3 damage, and have 10/31 hp.
You start resting.
You are feeling hungry.
You regained 16 hp, and now have 26/31 hp.
You start resting.
Health restored: 31 A kobold comes into view.
The kobold throws a stone.
The stone closely misses you.
You see here a stone.
The kobold barely misses you.
You hit the kobold but do no damage. The kobold hits you but does no damage.
You barely miss the kobold. The kobold hits you but does no damage.
You slash the kobold!
You kill the kobold!
No target in view!
No target in view!
No target in view!
You open the door.
Found a sparkling altar of Nemelex Xobeh.
There is an open door here.
No target in view!
You open the door.
There is an open door here.
A goblin comes into view. It is wielding a dagger.
The goblin shouts!
You hear a shout!
The goblin moves out of view.
No target in view!
A giant cockroach comes into view.
A gnoll comes into view. It is wielding a whip.
The gnoll shouts!
The goblin misses you.
You barely miss the goblin. The goblin misses you.
You hit the goblin.
You kill the goblin!
You completely miss the giant cockroach.
The giant cockroach bites you.
You take 1 damage, and have 30/31 hp.
You closely miss the giant cockroach. The giant cockroach misses you.
The giant cockroach barely misses you. 3 gnolls come into view.
You barely miss the giant cockroach. The giant cockroach barely misses you.
You slash the gnoll!
You hit the giant cockroach but do no damage.
The giant cockroach closely misses you. The gnoll closely misses you.
The giant cockroach barely misses you. The gnoll hits you but does no damage.
You slash the gnoll!
You kill the gnoll!
You barely miss the giant cockroach.
The giant cockroach bites you but does no damage.
You hit the giant cockroach.
You kill the giant cockroach!
You hit the gnoll but do no damage. The gnoll hits you but does no damage.
The gnoll hits you from afar with a halberd!
You take 8 damage, and have 22/31 hp.
MASSIVE DAMAGE!!
You hit the gnoll. The gnoll hits you with a whip.
The gnoll hits you from afar with a halberd.
The gnoll hits you but does no damage.
You take 4 damage, and have 18/31 hp.
You are too injured to fight recklessly!
You are too injured to fight recklessly!
You are too injured to fight recklessly!
Unknown command.
You are too injured to fight recklessly!
You are too injured to fight recklessly!
You are too injured to fight recklessly!
You hit the gnoll. You completely miss the gnoll.
The gnoll hits you with a whip.
The gnoll hits you from afar with a halberd!
* * * LOW HITPOINT WARNING * * *
The gnoll hits you but does no damage. The gnoll misses you.
You take 15 damage, and have 3/31 hp.
MASSIVE DAMAGE!!
The gnoll barely misses you.
There is a stone staircase leading up here.
The gnoll hits you with a whip!
You die...

#......# #.............รท
##.....###...##.........
.##.................#####
....................#####
.......g................#
.......g###.............#
........................#
.....#.g#.........#######
.....#..@...............#
....##...........(#####.#
.... #......##.....# #.#
### #......##.)...# #.#
#......##.....####.#
#.>....##...........
#.#....##.#'#.####.#
#.#.#####.#.#....#.#
######.#.#####.#.####.#..


You could see 3 gnolls.

Vanquished Creatures
  A gnoll (D:2)
  An adder (D:2)
  An ooze (D:1)
  A dart slug (D:1)
  A leopard gecko (D:1)
  3 bats (D:1)
  A giant cockroach (D:2)
  2 goblins
  A hobgoblin (D:1)
  2 jackals (D:1)
  5 kobolds
  A frilled lizard (D:1)
  3 rats (D:1)
23 creatures vanquished.

Notes
Turn   | Place    | Note
-------+----------+-------------------------------------------
     0 | D:1      | shakethe the Hill Orc Gladiator began the quest for the Orb.
     0 | D:1      | Reached XP level 1. HP: 18/18 MP: 1/1
   189 | D:1      | Reached XP level 2. HP: 15/25 MP: 2/2
   503 | D:1      | Reached skill level 3 in Fighting
   551 | D:1      | Reached skill level 5 in Axes
   697 | D:1      | Reached XP level 3. HP: 31/31 MP: 3/3
  1117 | D:2      | Found a sparkling altar of Nemelex Xobeh.
  1152 | D:2      | HP: 3/31 [gnoll/halberd (15)]
  1180 | D:2      | Slain by a gnoll

Skill      XL: |  1  2 |
---------------+-------+-----
Fighting       | 3 |  3.3
Axes           | 5 |  5.5
Throwing       | |  1.7
Dodging        | |  2.4

Action                   || total
-------------------------++-------
Melee: War axe           ||    95
Armor: Ring mail         ||    44
Dodge: Dodged            ||    87

Vault maps used:
D:1:      eino_arrival_water_cross
D:2:      lemuel_round_altar, nicolae_overflow_crystal_walls,
          nemelex_spade_bored_becter

Table legend:
 A = Turns spent in this place as a percentage of turns spent in the entire game.
 B = Non-inter-level travel turns spent in this place as a percentage of non-inter-level travel turns spent in the entire game.
 C = Inter-level travel turns spent in this place as a percentage of turns spent in this place.
 D = Turns resting spent in this place as a percentage of non-inter-level travel turns spent in this place.
 E = Turns spent auto-exploring this place as a percentage of non-inter-level travel turns spent in this place.
 F = Non-inter-level travel turns spent in this place divided by the number of levels of this place that you've seen.
                   A       B       C       D       E      F
               +-------+-------+-------+-------+-------+----------------------
         Total | 100.0 | 100.0 |   4.0 |  28.4 |  51.8 | 566.5
       Dungeon | 100.0 | 100.0 |   4.0 |  28.4 |  51.8 | 566.5
               +-------+-------+-------+-------+-------+----------------------

Table legend:
 A = Kills in this place as a percentage of kills in entire the game.
 B = Kills by you in this place as a percentage of kills by you in the entire game.
 C = Kills by friends in this place as a percentage of kills by friends in the entire game.
 D = Other kills in this place as a percentage of other kills in the entire game.
 E = Experience gained in this place as a percentage of experience gained in the entire game.
 F = Experience gained in this place divided by the number of levels of this place that you have seen.
                   A       B       C       D       E      F
               +-------+-------+-------+-------+-------+----------------------
         Total | 100.0 | 100.0 |   N/A |   N/A | 100.0 |  34.5
       Dungeon | 100.0 | 100.0 |   N/A |   N/A | 100.0 |  34.5
               +-------+-------+-------+-------+-------+----------------------
